SNL (28 & UNDER)
BEAUMONT ROUGHNECKS @ WICHITA WRANGLERS
08/02/2028
 
TOP OF THE 1ST
Beaumont Roughnecks batting - Pitching for Wichita Wranglers : RHP Greg Reeves
Pitching: RHP Greg Reeves
Batting: RHB John James 0-0: Foul Ball, location: 2F
0-1: Ball
1-1: Foul Ball, location: 2F
1-2: Strikes out swinging
Batting: RHB Jeff Mason 0-0: Foul Ball, location: 2F
0-1: Ball
1-1: Fly out, F9 (Flyball, 89S)
Batting: LHB Bernardo Morales 0-0: Foul Ball, location: 2F
0-1: Ball
1-1: Ball
2-1: Fly out, F8 (Flyball, 8RS)
Top of the 1st over - 0 run(s), 0 hit(s), 0 error(s), 0 left on base; Beaumont 0 - Wichita 0
BOTTOM OF THE 1ST
Wichita Wranglers batting - Pitching for Beaumont Roughnecks : RHP John Harvey
Pitching: RHP John Harvey
Batting: RHB Gabriel Erwin 0-0: Called Strike
0-1: Ball
1-1: SINGLE (Groundball, 13S) (infield hit)
Batting: RHB José López 0-0: Ball
Gabriel Erwin steals 2nd base
1-0: Called Strike
Gabriel Erwin steals 3rd base
1-1: Called Strike
1-2: Ball
2-2: 2-RUN HOME RUN (Flyball, 78XD), Distance : 381 ft
Batting: RHB Hubert MacDonald 0-0: SINGLE (Line Drive, 4MD)
Batting: RHB Oliver Todd 0-0: Called Strike
0-1: Ball
1-1: SINGLE (Line Drive, 6MD)
Hubert MacDonald to second
Batting: RHB Rusty Bennett 0-0: Ball
1-0: Foul Ball, location: 2F
1-1: Ball
2-1: Ball
3-1: Foul Ball, location: 2F
3-2: Base on Balls
Hubert MacDonald to third
Oliver Todd to second
Batting: LHB Al Miller 0-0: Ball
1-0: Called Strike
1-1: Ball
2-1: Ball
3-1: Base on Balls
Hubert MacDonald scores
Oliver Todd to third
Rusty Bennett to second
Batting: RHB Michael Hall 0-0: DOUBLE (Line Drive, 9LS)
Oliver Todd scores
Rusty Bennett scores
Al Miller to third
Runner from 3rd tries for Home, SAFE, throw made at trailing runner, SAFE at third!
Batting: RHB Jorge Barbosa 0-0: Ball
1-0: SINGLE (Line Drive, 89S)
Michael Hall scores
Batting: LHB Richard Hinkle 0-0: Called Strike
0-1: Ball
1-1: Ball
2-1: Ball
3-1: Swinging Strike
3-2: Base on Balls
Jorge Barbosa to second
Batting: RHB Gabriel Erwin 0-0: Ball
1-0: SINGLE (Line Drive, 78S)
Jorge Barbosa to third
Richard Hinkle to second
Batting: RHB José López 0-0: Ball
1-0: Ball
2-0: Ball
3-0: Base on Balls
Jorge Barbosa scores
Richard Hinkle to third
Gabriel Erwin to second
Batting: RHB Hubert MacDonald 0-0: Called Strike
0-1: Swinging Strike
0-2: SINGLE (Groundball, 34D)
Richard Hinkle scores
Gabriel Erwin to third
José López to second
Pitching: RHP Gustavo Rodríguez
Batting: RHB Oliver Todd 0-0: Called Strike
0-1: Ball
1-1: Grounds into double play, 5-4-3 (Groundball, 5)
Gabriel Erwin scores
José López to third
Batting: RHB Rusty Bennett 0-0: Foul Ball, location: 2F
0-1: Ball
1-1: Swinging Strike
1-2: Foul Ball, location: 2F
1-2: Strikes out looking
Bottom of the 1st over - 10 run(s), 8 hit(s), 0 error(s), 1 left on base; Beaumont 0 - Wichita 10
TOP OF THE 2ND
Beaumont Roughnecks batting - Pitching for Wichita Wranglers : RHP Greg Reeves
Batting: RHB Si-xun Li 0-0: Swinging Strike
0-1: Foul Ball, location: 2F
0-2: Strikes out looking
Batting: LHB Enrique Cruz 0-0: Foul Ball, location: 2F
0-1: Fly out, F9 (Flyball, 9D)
Batting: RHB Michael Kent 0-0: SINGLE (Groundball, 56D)
Batting: RHB António Aguilar 0-0: Foul Ball, location: 2F
0-1: Ball
1-1: Ball
2-1: Swinging Strike
2-2: Fly out, F8 (Flyball, 78M)
Top of the 2nd over - 0 run(s), 1 hit(s), 0 error(s), 1 left on base; Beaumont 0 - Wichita 10
BOTTOM OF THE 2ND
Wichita Wranglers batting - Pitching for Beaumont Roughnecks : RHP Gustavo Rodríguez
Batting: LHB Al Miller 0-0: Ball
1-0: Ball
2-0: Ball
3-0: Called Strike
3-1: Base on Balls
Batting: RHB Michael Hall 0-0: Swinging Strike
0-1: Ball
1-1: Foul Ball, location: 2F
1-2: Ball
2-2: Ball
3-2: Foul Ball, location: 2F
3-2: Foul Ball, location: 2F
3-2: Base on Balls
Al Miller to second
Batting: RHB Jorge Barbosa 0-0: SINGLE (Flyball, 4MD)
Al Miller to third
Michael Hall to second
Batting: LHB Richard Hinkle 0-0: Ball
1-0: Ball
2-0: Called Strike
2-1: Grounds into double play, 6-4-3 (Groundball, 6)
Al Miller scores
Michael Hall to third
Batting: RHB Gabriel Erwin 0-0: Foul Ball, location: 2F
0-1: Foul Ball, location: 2F
0-2: Ball
1-2: Ball
2-2: Ball
3-2: Foul Ball, location: 2F
3-2: Base on Balls
Batting: RHB José López 0-0: Ball
1-0: Called Strike
1-1: Swinging Strike
1-2: Strikes out swinging
Bottom of the 2nd over - 1 run(s), 1 hit(s), 0 error(s), 2 left on base; Beaumont 0 - Wichita 11
TOP OF THE 3RD
Beaumont Roughnecks batting - Pitching for Wichita Wranglers : RHP Greg Reeves
Batting: RHB Miguel Costa 0-0: Called Strike
0-1: Foul Ball, location: 2F
0-2: Strikes out swinging
Batting: SHB Keith Gratton 0-0: SINGLE (Line Drive, 34)
Batting: RHB John James 0-0: Called Strike
0-1: Foul Ball, location: 2F
0-2: Ball
1-2: Strikes out looking
Batting: RHB Jeff Mason Pickoff Throw to First - Error! E1
Keith Gratton to second
0-0: Called Strike
0-1: Ball
1-1: Ball
2-1: Ball
3-1: Called Strike
3-2: Foul Ball, location: 2F
3-2: Strikes out swinging
Top of the 3rd over - 0 run(s), 1 hit(s), 1 error(s), 1 left on base; Beaumont 0 - Wichita 11
BOTTOM OF THE 3RD
Wichita Wranglers batting - Pitching for Beaumont Roughnecks : RHP Gustavo Rodríguez
Pitching: RHP Jeffery Ivey
Batting: RHB Hubert MacDonald 0-0: Swinging Strike
0-1: Ball
1-1: Ball
2-1: Foul Ball, location: 2F
2-2: Fly out, F7 (Flyball, 7S)
Batting: RHB Oliver Todd 0-0: Ball
1-0: SINGLE (Line Drive, 9LS)
Batting: RHB Rusty Bennett 0-0: Ball
1-0: Ball
2-0: Fly out, F9 (Flyball, 9LS)
Batting: LHB Al Miller 0-0: Called Strike
0-1: Swinging Strike
0-2: Ball
1-2: Ball
2-2: Ball
3-2: Foul Ball, location: 2F
3-2: Fly out, F7 (Flyball, 7)
Bottom of the 3rd over - 0 run(s), 1 hit(s), 0 error(s), 1 left on base; Beaumont 0 - Wichita 11
TOP OF THE 4TH
Beaumont Roughnecks batting - Pitching for Wichita Wranglers : RHP Greg Reeves
Batting: LHB Bernardo Morales 0-0: Called Strike
0-1: Ground out 4-3 (Groundball, 4)
Batting: RHB Si-xun Li 0-0: TRIPLE (Flyball, 8RXD)
Batting: LHB Enrique Cruz 0-0: Called Strike
0-1: Ground out 3-1 (Groundball, 34)
Si-xun Li scores
Batting: RHB Michael Kent 0-0: Called Strike
0-1: Ball
1-1: Ball
2-1: Foul Ball, location: 2F
2-2: Foul Ball, location: 2F
2-2: Ball
3-2: Base on Balls
Batting: RHB António Aguilar 0-0: SINGLE (Popup, 3D)
Michael Kent to second
Runner from 2nd tries for 3rd, SAFE, throw made to third
Batting: RHB Miguel Costa 0-0: Ball
1-0: Ball
2-0: Ground out U3 (Groundball, 34S)
Top of the 4th over - 1 run(s), 2 hit(s), 0 error(s), 2 left on base; Beaumont 1 - Wichita 11
BOTTOM OF THE 4TH
Wichita Wranglers batting - Pitching for Beaumont Roughnecks : RHP Jeffery Ivey
Batting: RHB Michael Hall 0-0: Ball
1-0: Ball
2-0: Ball
3-0: Base on Balls
Batting: RHB Jorge Barbosa 0-0: Called Strike
0-1: Ball
Wild Pitch!
Michael Hall to second
1-1: 2-RUN HOME RUN (Flyball, 78XD), Distance : 398 ft
Batting: LHB Richard Hinkle 0-0: Swinging Strike
0-1: Swinging Strike
0-2: SINGLE (Flyball, 8LS)
Batting: RHB Gabriel Erwin 0-0: Called Strike
0-1: Ball
1-1: Ball
2-1: SINGLE (Flyball, 78M)
Richard Hinkle to second
Batting: RHB José López 0-0: Ball
1-0: Called Strike
1-1: Fly out, F6 (Flyball, 6MD)
Batting: RHB Hubert MacDonald 0-0: Called Strike
0-1: Foul Ball, location: 2F
0-2: Strikes out swinging
Batting: RHB Oliver Todd 0-0: Single, Error in OF, E9, batter to second base
Richard Hinkle scores
Gabriel Erwin to third
Pitching: RHP William Foley
Batting: RHB Rusty Bennett 0-0: Ball
1-0: Ball
2-0: Ball
3-0: Called Strike
3-1: Base on Balls
Batting: LHB Al Miller 0-0: Called Strike
0-1: Ball
1-1: Fly out, F8 (Line Drive, 8LM)
Bottom of the 4th over - 3 run(s), 4 hit(s), 1 error(s), 3 left on base; Beaumont 1 - Wichita 14
TOP OF THE 5TH
Beaumont Roughnecks batting - Pitching for Wichita Wranglers : RHP Greg Reeves
Batting: SHB Keith Gratton 0-0: Called Strike
0-1: Ball
1-1: Fly out, F6 (Line Drive, 6)
Batting: RHB John James 0-0: Foul Ball, location: 2F
0-1: Ball
1-1: Hit by Pitch
Batting: RHB Jeff Mason 0-0: Fielders Choice at 2nd, 5-4 (Groundball, 56)
Batting: LHB Bernardo Morales 0-0: Ground out 3-1 (Groundball, 34S)
Top of the 5th over - 0 run(s), 0 hit(s), 0 error(s), 1 left on base; Beaumont 1 - Wichita 14
BOTTOM OF THE 5TH
Wichita Wranglers batting - Pitching for Beaumont Roughnecks : RHP William Foley
Batting: RHB Michael Hall 0-0: Foul Ball, location: 2F
0-1: Swinging Strike
0-2: Foul Ball, location: 2F
0-2: SINGLE (Line Drive, 89S)
Batting: RHB Jorge Barbosa 0-0: Swinging Strike
0-1: Ball
1-1: Ball
Michael Hall is caught stealing 2nd base
2-1: Foul Ball, location: 2F
2-2: Ball
3-2: SOLO HOME RUN (Flyball, 78XD), Distance : 382 ft
Batting: LHB Richard Hinkle 0-0: Ball
1-0: Swinging Strike
1-1: SINGLE (Groundball, 56D)
Batting: RHB Gabriel Erwin 0-0: Foul Ball, location: 2F
0-1: Called Strike
0-2: Ball
1-2: SINGLE (Flyball, 78M)
Richard Hinkle to second
Batting: RHB José López 0-0: Reached on error, E1 (Groundball, 13S)
Richard Hinkle to third
Gabriel Erwin to second
Batting: RHB Hubert MacDonald 0-0: Called Strike
0-1: Ball
1-1: Swinging Strike
1-2: Foul Ball, location: 2F
1-2: Ball
2-2: Fly out, F9 (Flyball, 9S)
Batting: RHB Oliver Todd 0-0: Swinging Strike
0-1: Ball
1-1: Swinging Strike
1-2: Ball
2-2: Strikes out swinging
Bottom of the 5th over - 1 run(s), 4 hit(s), 1 error(s), 3 left on base; Beaumont 1 - Wichita 15
TOP OF THE 6TH
Beaumont Roughnecks batting - Pitching for Wichita Wranglers : RHP Greg Reeves
Batting: RHB Si-xun Li 0-0: Called Strike
0-1: Ball
1-1: Foul Ball, location: 2F
1-2: Strikes out swinging
Batting: LHB Enrique Cruz 0-0: Ball
1-0: Ball
2-0: Ball
3-0: Base on Balls
Batting: RHB Michael Kent 0-0: Ball
1-0: Foul Ball, location: 2F
1-1: Grounds into double play, 6-4-3 (Groundball, 6)
Top of the 6th over - 0 run(s), 0 hit(s), 0 error(s), 0 left on base; Beaumont 1 - Wichita 15
BOTTOM OF THE 6TH
Wichita Wranglers batting - Pitching for Beaumont Roughnecks : RHP William Foley
Batting: RHB Rusty Bennett 0-0: Ball
1-0: Foul Ball, location: 2F
1-1: Foul Ball, location: 2F
1-2: Ball
2-2: Ball
3-2: Base on Balls
Batting: LHB Al Miller 0-0: Called Strike
0-1: Fly out, F5 (Line Drive, 56)
Batting: RHB Michael Hall 0-0: Ball
Rusty Bennett steals 2nd base
1-0: Swinging Strike
1-1: Ball
2-1: Fly out, F7 (Flyball, 7D)
Runner from 2nd tags up, SAFE at 3rd, no throw
Batting: RHB Jorge Barbosa 0-0: Ball
1-0: Ball
2-0: Ball
3-0: Base on Balls
Batting: LHB Richard Hinkle 0-0: Ball
1-0: Fly out, F8 (Line Drive, 8LXD)
Bottom of the 6th over - 0 run(s), 0 hit(s), 0 error(s), 2 left on base; Beaumont 1 - Wichita 15
TOP OF THE 7TH
Beaumont Roughnecks batting - Pitching for Wichita Wranglers : RHP Greg Reeves
Batting: RHB António Aguilar 0-0: Called Strike
0-1: Ball
1-1: Foul Ball, location: 2F
1-2: Ground out 1-3 (Groundball, 13S)
Batting: RHB Miguel Costa 0-0: Ball
1-0: Foul Ball, location: 2F
1-1: Ground out 6-3 (Groundball, 6)
Batting: SHB Keith Gratton 0-0: Ball
1-0: Called Strike
1-1: Ball
2-1: Ball
3-1: Base on Balls
Batting: RHB John James 0-0: Ball
1-0: Ground out 5-3 (Groundball, 56S)
Top of the 7th over - 0 run(s), 0 hit(s), 0 error(s), 1 left on base; Beaumont 1 - Wichita 15
BOTTOM OF THE 7TH
Wichita Wranglers batting - Pitching for Beaumont Roughnecks : RHP William Foley
Pitching: LHP Roberto Félix
Batting: RHB Gabriel Erwin 0-0: Foul Ball, location: 2F
0-1: Ball
1-1: Ball
2-1: Ball
3-1: Foul Ball, location: 2F
3-2: Base on Balls
Batting: RHB José López 0-0: Ball
1-0: Ball
2-0: Ball
3-0: Called Strike
3-1: Foul Ball, location: 2F
3-2: SINGLE (Groundball, 6MD)
Gabriel Erwin to second
Batting: RHB Hubert MacDonald 0-0: Ball
Gabriel Erwin steals 3rd base
José López to second
1-0: Ball
Wild Pitch!
Gabriel Erwin scores
José López to third
2-0: Foul Ball, location: 2F
2-1: Called Strike
2-2: Ball
3-2: Foul Ball, location: 2F
3-2: Foul Ball, location: 2F
3-2: SINGLE (Flyball, 8LS)
José López scores
Batting: RHB Oliver Todd 0-0: Ball
1-0: Called Strike
1-1: 2-RUN HOME RUN (Flyball, 7D), Distance : 384 ft
Pitching: RHP Scott Cox
Batting: RHB Rusty Bennett 0-0: Foul Ball, location: 2F
0-1: Ball
1-1: Ball
2-1: Foul Ball, location: 2F
2-2: Ground out 4-3 (Groundball, 4)
Batting: LHB Al Miller 0-0: Ball
1-0: Ball
2-0: Called Strike
2-1: Swinging Strike
2-2: Ball
3-2: Foul Ball, location: 2F
3-2: Base on Balls
Batting: RHB Michael Hall 0-0: Called Strike
0-1: Ball
1-1: Ball
2-1: Foul Ball, location: 2F
2-2: Ball
3-2: Base on Balls
Al Miller to second
Batting: RHB Jorge Barbosa 0-0: Ball
1-0: Foul Ball, location: 2F
1-1: Ball
2-1: Ball
3-1: Base on Balls
Al Miller to third
Michael Hall to second
Batting: LHB Richard Hinkle 0-0: Fielders Choice at 2nd, 3-6 (Groundball, 34)
Al Miller scores
Michael Hall to third
Batting: RHB Gabriel Erwin 0-0: Ball
1-0: Reached on error, E6 (Groundball, 6)
Michael Hall scores
Richard Hinkle to second
Batting: RHB José López 0-0: Foul Ball, location: 2F
0-1: Called Strike
0-2: SINGLE (Flyball, 8LS)
Richard Hinkle to third
Gabriel Erwin to second
Runner from 3rd tries for Home, SAFE, throw made at trailing runner, SAFE at third!
Pitching: RHP Ralph Miller
Batting: RHB Hubert MacDonald 0-0: Called Strike
0-1: Ball
1-1: SINGLE (Line Drive, 56)
Gabriel Erwin scores
José López to second
Batting: RHB Oliver Todd 0-0: Called Strike
0-1: SINGLE (Groundball, 6MD)
José López to third
Hubert MacDonald to second
Runner from 3rd tries for Home, SAFE, no throw
Batting: RHB Rusty Bennett 0-0: Fielders Choice at 2nd, 5-4 (Groundball, 56)
Bottom of the 7th over - 9 run(s), 6 hit(s), 1 error(s), 1 left on base; Beaumont 1 - Wichita 24
TOP OF THE 8TH
Beaumont Roughnecks batting - Pitching for Wichita Wranglers : RHP Greg Reeves
Now at SS: Travis Ezell
Batting: RHB Jeff Mason 0-0: Swinging Strike
0-1: SINGLE (Groundball, 34D)
Batting: LHB Bernardo Morales 0-0: Ball
1-0: Called Strike
1-1: Ball
2-1: Ball
3-1: Foul Ball, location: 2F
3-2: SINGLE (Line Drive, 7S)
Jeff Mason to second
Jeff Mason to third
Pitching: RHP Juan Vázquez
Batting: RHB Si-xun Li 0-0: Ball
1-0: Ball
2-0: Called Strike
2-1: Ball
3-1: Foul Ball, location: 2F
3-2: SINGLE (Groundball, 56D)
Jeff Mason scores
Bernardo Morales to second
Batting: LHB Enrique Cruz 0-0: Called Strike
0-1: Ball
1-1: Called Strike
1-2: Foul Ball, location: 2F
1-2: Ball
2-2: Ball
3-2: Fly out, F6 (Line Drive, 6)
Batting: RHB Michael Kent 0-0: Ball
1-0: Foul Ball, location: 2F
1-1: Ball
2-1: Swinging Strike
2-2: DOUBLE (Flyball, 8LD)
Bernardo Morales scores
Si-xun Li to third
Runner from 3rd tries for Home, throw and OUT!
Batting: RHB António Aguilar 0-0: Called Strike
0-1: Ball
1-1: Ground out 1-3 (Groundball, 13)
Top of the 8th over - 2 run(s), 4 hit(s), 0 error(s), 1 left on base; Beaumont 3 - Wichita 24
BOTTOM OF THE 8TH
Wichita Wranglers batting - Pitching for Beaumont Roughnecks : RHP Ralph Miller
Batting: LHB Al Miller 0-0: Called Strike
0-1: DOUBLE (Line Drive, 7LS)
Batting: RHB Michael Hall 0-0: Ball
1-0: Called Strike
1-1: Ball
2-1: Ball
3-1: Base on Balls
Batting: RHB Jorge Barbosa 0-0: Ball
1-0: Ball
2-0: Ball
3-0: Called Strike
3-1: Base on Balls
Al Miller to third
Michael Hall to second
Batting: LHB Richard Hinkle 0-0: Swinging Strike
0-1: Swinging Strike
0-2: Foul Ball, location: 2F
0-2: Foul Ball, location: 2F
0-2: Strikes out looking
Batting: RHB Gabriel Erwin 0-0: Ball
Wild Pitch!
Al Miller scores
Michael Hall to third
Jorge Barbosa to second
1-0: SINGLE (Groundball, 56D)
Michael Hall scores
Jorge Barbosa to third
Batting: RHB José López 0-0: Ball
1-0: Called Strike
Gabriel Erwin steals 2nd base
1-1: Swinging Strike
1-2: Foul Ball, location: 2F
1-2: Strikes out swinging
Batting: RHB Hubert MacDonald 0-0: Called Strike
0-1: Ball
1-1: Foul Ball, location: 2F
1-2: Ball
2-2: Strikes out swinging
Bottom of the 8th over - 2 run(s), 2 hit(s), 0 error(s), 2 left on base; Beaumont 3 - Wichita 26
TOP OF THE 9TH
Beaumont Roughnecks batting - Pitching for Wichita Wranglers : RHP Juan Vázquez
Now at 2B: Lewis Woods
Batting: RHB Miguel Costa 0-0: Ball
1-0: Ball
2-0: SINGLE (Groundball, 56D)
Batting: SHB Keith Gratton 0-0: Called Strike
0-1: Foul Ball, location: 2F
0-2: Ball
1-2: Foul Ball, location: 2F
1-2: Strikes out swinging
Batting: RHB John James 0-0: Ball
1-0: Ball
2-0: Swinging Strike
2-1: Foul Ball, location: 2F
2-2: SINGLE (Line Drive, 5D)
Miguel Costa to second
Batting: RHB Jeff Mason 0-0: Called Strike
0-1: Fielders Choice at 2nd, 4-6 (Groundball, 4)
Miguel Costa to third
Batting: LHB Bernardo Morales 0-0: Swinging Strike
0-1: Called Strike
0-2: Foul Ball, location: 2F
0-2: Ball
1-2: Foul Ball, location: 2F
1-2: Strikes out swinging
Top of the 9th over - 0 run(s), 2 hit(s), 0 error(s), 2 left on base; Beaumont 3 - Wichita 26
Tuesday, August 8th, 2017 - OOTP Baseball 17.12 Build 75